 Dungeon Crawl Stone Soup version 0.24.0-37-gcf1ca852f1 (webtiles) character file.

Game seed: 8055685210670980764, levelgen mode: deterministic

6883 grindst0ne the Fighter (level 11, -1/89 HPs)
             Began as a Human Artificer on Dec 6, 2019.
             Was an Elder of Okawaru.
             Killed from afar by a hell hog (6 damage)
             ... with a fireball
             ... in a Gauntlet.
             The game lasted 00:26:55 (11513 turns).

grindst0ne the Fighter (Human Artificer)           Turns: 11513, Time: 00:26:56

Health: -1/89      AC: 16    Str: 16    XL:     11   Next: 26%
Magic:  0/15       EV:  8    Int: 12    God:    Okawaru [****..]
Gold:   323        SH:  0    Dex: 13    Spells: 10/10 levels left

rFire    + . .     SeeInvis .   i - +3 short sword of Gallantry {speed, rF+}
rCold    . . .     Gourm    .   (no shield)
rNeg     + . .     Faith    .   x - +1 chain mail {rPois}
rPois    +         Spirit   +   (no helmet)
rElec    .         Reflect  .   (no cloak)
rCorr    .         Harm     .   l - +1 pair of gloves {archery}
MR       +....     NoTele   +   m - +0 pair of boots
Stlth    ..........             n - amulet of guardian spirit
HPRegen  0.24/turn              h - ring of positive energy
MPRegen  0.14/turn              y - ring of protection from magic

@: no status effects
A: no striking features
a: Heroism, Renounce Religion


You were in a Gauntlet.
You worshipped Okawaru.
Okawaru was greatly pleased with you.
You were near starving.

You visited 2 branches of the dungeon, and saw 11 of its levels.
You also visited: Ossuary and Gauntlet.

You collected 584 gold pieces.
You spent 261 gold pieces at shops.

Inventory:

Hand Weapons
 a - a +2 broad axe of electrocution
 i - the +3 short sword of Gallantry (weapon) {speed, rF+}
   (You found it on level 4 of the Dungeon)

   Attacks with this weapon are significantly faster.
   It protects you from fire.
Missiles
 w - 4 boomerangs (quivered)
Armour
 b - the cursed +0 helmet "Tieff" {rPois, unknown}
   (You found it in a Gauntlet)

   It protects you from poison.
   It has a curse placed upon it.
 c - a +2 crystal plate armour
 l - a +1 pair of gloves of archery (worn)
 m - a +0 pair of boots (worn)
 x - a +1 chain mail of poison resistance (worn)
Jewellery
 h - a ring of positive energy (left hand)
 n - an amulet of guardian spirit (around neck)
 y - a ring of protection from magic (right hand)
 C - an uncursed ring of protection from magic
Wands
 d - a wand of enslavement (11)
Scrolls
 k - 3 scrolls of teleportation
 o - 4 scrolls of enchant armour
 q - a scroll of fear {unknown}
 t - 2 scrolls of fog {unknown}
 u - a scroll of immolation
 v - a scroll of magic mapping {unknown}
 z - a scroll of blinking {unknown}
 B - 4 scrolls of amnesia
 D - 2 scrolls of remove curse
Potions
 g - 2 potions of cancellation
 j - a potion of flight
 A - a potion of resistance
Comestibles
 f - 14 rations


   Skills:
 + Level 9.3 Fighting
 - Level 1.0 Short Blades
 + Level 7.7 Axes
 + Level 9.2 Armour
 - Level 2.0 Dodging
 - Level 1.0 Stealth
 + Level 4.0 Invocations
 - Level 6.1 Evocations


You had 10 spell levels left.
You didn't know any spells.
Your spell library was empty.

Dungeon Overview and Level Annotations

Branches:
Dungeon (12/15)            Temple (1/1) D:4            Lair (0/6) D:8
Ossuary (visited)         Gauntlet (1/1)
    Orc: D:9-12

Altars:
Ashenzari
Cheibriados
Dithmenos
Elyvilon
Gozag
Hepliaklqana
Makhleb
Nemelex Xobeh
Okawaru
Qazlal
Ru
Sif Muna
Trog
Uskayaw
Vehumet
Wu Jian
Xom
Yredelemnul
Zin

Shops:
D:6 *

Annotations:
D:12 Gastronok Gauntlet 6 transporters


Message History

Gang up on whom?
Press: ? - help, Dir - move target cursor, f - hell hog
Aim: a hell hog
Okay, then.
The hell hog breathes fire at you.
The fireball explodes!
The fireball engulfs you! You resist.
* * * LOW HITPOINT WARNING * * *
The hell hog breathes fire at you.
The fireball explodes!
The fireball engulfs you! You resist.
* * * LOW HITPOINT WARNING * * *
Okay, then.
Okay, then.
Okay, then.
You are near starving!
The hell hog completely misses you. The hell hog bites you!
* * * LOW HITPOINT WARNING * * *
The hell hog breathes fire at you.
The fireball explodes!
The fireball engulfs you! You resist.
You die...

.. .### ... #######'######
#.....(....... #H###.###.###.
#.###.###.###.#
#.............# ###.###@###.#
####.###.###.##
#......h........
#...............
#####......#####
#########.©..©.###########
###≈#§#§#§########≈#≈#≈#≈#≈##
#§§...§§§...................##
##§..........∩..............≈#


You could see a hell hog.

Vanquished Creatures
  Joseph (D:7)
  Prince Ribbit (D:7)
  A hippogriff (D:7)
  2 dream sheep (D:8)
  A shadow (D:12)
  A wyvern (D:8)
  7 yaks
  Menkaure (D:7)
  An orc warrior (D:8)
  2 phantoms
  A sky beast (D:5)
  A necrophage (D:7)
  6 ogres
  A boggart (Gauntlet)
  A centaur (D:5)
  A crocodile (D:12)
  4 big kobolds (D:8)
  4 elf zombies (Ossuary)
  6 bullfrogs
  4 scorpions
  2 howler monkeys
  8 wights (D:7)
  3 centaur zombies
  2 bullfrog zombies
  3 orc priests
  A hound (D:8)
  4 jellies
  10 orc wizards
  A bullfrog skeleton (D:4)
  A human zombie (Ossuary)
  3 centaur skeletons
  3 worker ants
  3 mummies
  3 hound zombies (D:5)
  A howler monkey zombie (D:8)
  3 worker ant zombies (D:5)
  8 adders
  2 gnolls (D:6)
  A howler monkey skeleton (D:5)
  A shadow imp (D:3)
  An ooze (D:4)
  5 adder zombies
  4 adder skeletons
  A worm (D:4)
  4 leopard geckos
  28 orcs
  3 bats
  3 giant cockroaches
  6 goblins
  4 hobgoblins (D:1)
  3 iguanas
  7 jackals
  3 quokkas
  2 frilled lizards
  2 giant cockroach zombies (D:5)
  A goblin zombie (Ossuary)
  9 hobgoblin zombies
  A jackal zombie (D:5)
  11 kobolds
  9 kobold zombies
  A leopard gecko skeleton (D:5)
  A leopard gecko zombie (D:5)
  10 orc zombies (Ossuary)
  A quokka skeleton (D:5)
  7 rats
  A rat zombie (Ossuary)
238 creatures vanquished.

Vanquished Creatures (collateral kills)
  A fire bat (Gauntlet)
  An orc priest (D:8)
  An orc (D:8)
3 creatures vanquished.

Vanquished Creatures (others)
  An orc wizard (D:6)
1 creature vanquished.

Grand Total: 242 creatures vanquished

Notes
Turn   | Place    | Note
-------+----------+-------------------------------------------
     0 | D:1      | grindst0ne the Human Artificer began the quest for the Orb.
     0 | D:1      | Reached XP level 1. HP: 15/15 MP: 3/3
   803 | D:1      | Reached XP level 2. HP: 18/21 MP: 4/4
  1008 | D:2      | Noticed a howler monkey
  1020 | D:1      | Killed a howler monkey
  1020 | D:1      | Reached skill level 1 in Armour
  1020 | D:1      | Reached XP level 3. HP: 14/27 MP: 5/5
  1020 | D:1      | Reached XP level 4. HP: 17/33 MP: 6/6
  1663 | D:2      | Reached XP level 5. HP: 28/39 MP: 3/7
  2038 | D:2      | Found a shimmering altar of Xom.
  2226 | D:2      | Found a faded altar of an unknown god.
  2952 | D:3      | Reached XP level 6. HP: 36/47 MP: 9/9
  3238 | D:4      | Found a sand-covered staircase.
  3394 | Ossuary  | Entered an ossuary
  3709 | Ossuary  | Reached XP level 7. HP: 39/53 MP: 10/10
  3754 | Ossuary  | Reached skill level 5 in Evocations
  4679 | D:4      | Reached XP level 8. HP: 38/61 MP: 9/12
  4764 | D:4      | Reached skill level 5 in Fighting
  5024 | D:4      | Got an encrusted short sword
  5049 | D:4      | Identified the cursed +3 short sword of Gallantry {speed,
                  | rF+} (You found it on level 4 of the Dungeon)
  5199 | D:3      | Reached skill level 1 in Axes
  5199 | D:3      | Reached skill level 5 in Armour
  5469 | D:4      | Found a shadowy altar of Dithmenos.
  5500 | D:4      | Found a staircase to the Ecumenical Temple.
  5510 | Temple   | Entered the Ecumenical Temple
  5582 | Temple   | Became a worshipper of Warmaster Okawaru
  5825 | D:5      | Entered Level 5 of the Dungeon
  6050 | D:5      | Found a hazy altar of Hepliaklqana.
  6252 | D:5      | Reached XP level 9. HP: 66/69 MP: 10/13
  6629 | D:5      | Found an opulent altar of Gozag.
  6726 | D:6      | Reached * piety under Okawaru
  6890 | D:6      | Reached ** piety under Okawaru
  7241 | D:6      | Found a shimmering blue altar of Sif Muna.
  7255 | D:6      | Found Usomi Qeff's Assorted Antiques.
  7274 | D:6      | Reached skill level 5 in Axes
  7456 | D:6      | Reached XP level 10. HP: 44/79 MP: 9/14
  7635 | D:6      | Bought an iridescent morningstar for 261 gold pieces
  7635 | D:6      | Identified the +4 morningstar "Woxupy" {crush, +Inv} (You
                  | bought it in a shop on level 6 of the Dungeon)
  8088 | D:7      | Noticed Joseph
  8090 | D:7      | HP: 3/80 [Joseph/sling bullet (2)]
  8127 | D:7      | Killed Joseph
  8481 | D:7      | Reached *** piety under Okawaru
  8780 | D:7      | Noticed Prince Ribbit
  8789 | D:7      | Killed Prince Ribbit
  8892 | D:7      | Noticed Menkaure
  8898 | D:7      | Killed Menkaure
  9107 | D:8      | Reached skill level 1 in Invocations
  9873 | D:8      | Found a sacrificial altar of Ru.
  9995 | D:8      | Found a staircase to the Lair.
 10313 | D:8      | Reached XP level 11. HP: 49/87 MP: 10/15
 10327 | D:8      | Reached **** piety under Okawaru
 10355 | D:8      | Noticed a two-headed hydra
 10369 | D:8      | HP: 2/89 [six-headed hydra (6)]
 10749 | D:9      | You fall into a shaft and drop 3 floors!
 10764 | D:12     | Identified a scroll of acquirement
 10860 | D:12     | Noticed Gastronok
 10876 | D:12     | HP: 4/89 [Gastronok/the air (23)]
 11170 | D:12     | Found a gate leading to a gauntlet.
 11179 | D:12     | Noticed a cyan ugly thing
 11187 | Gauntlet | Entered a Gauntlet
 11187 | Gauntlet | Found a transporter.
 11187 | Gauntlet | Found a transporter.
 11188 | Gauntlet | Found a transporter.
 11189 | Gauntlet | Found a transporter.
 11189 | Gauntlet | Found a transporter.
 11189 | Gauntlet | Noticed a worldbinder
 11192 | Gauntlet | Found a transporter.
 11200 | Gauntlet | Found a transporter.
 11201 | Gauntlet | Found a transporter.
 11202 | Gauntlet | Found a transporter.
 11203 | Gauntlet | Found a transporter.
 11208 | Gauntlet | Noticed a hell hog
 11209 | Gauntlet | Noticed a green death
 11211 | Gauntlet | Found a transporter.
 11214 | Gauntlet | Found a transporter.
 11419 | Gauntlet | Noticed a shining eye
 11469 | Gauntlet | Got a spiked helmet
 11499 | Gauntlet | Noticed a minotaur
 11513 | Gauntlet | Killed from afar by a hell hog

Levels and vault maps discovered:
D:1:      ncdulo_wetmaze, layout_basic, minmay_misc_feat_ornament,
          patterned_corridor
D:2:      layout_rooms, chequers_ecumenical_altar_grove, dk_xom_monty_hall
D:3:      layout_loops_ring
D:4:      layout_rooms, minmay_temple_entry_trees, nicolae_ossuary_entry_giza,
          lemuel_tele_altar
D:5:      layout_loops_ring, kennysheep_mini_moat, lemuel_doored_altar,
          first_ration, serial_undead, serial_undead_e, serial_undead_b,
          serial_undead_f, serial_undead_e, serial_undead_d, serial_undead_a
D:6:      layout_cave_pools, led_sif_book, serial_shops, shop, sigmund_army
D:7:      layout_cave_pods, uniq_menkaure, uniq_prince_ribbit1, uniq_joseph
D:8:      layout_loops_corners, nicolae_ru_great_annihilating_truth,
          lair_entry_dummy, hangedman_ranch [blue_anna_fruit_fields]
D:9:      layout_long_grid
D:12:     layout_cave_pools, erik_orc_2, gauntlet_entry_generic, uniq_rupert,
          uniq_gastronok
Temple:   hc_temple_tempest_star
Gauntlet: minmay_gauntlet_mixed_big_or_small
          [gammafunk_gauntlet_arena_split_diamond,
          minmay_gauntlet_arena_77_squiggly, gammafunk_gauntlet_arena_mazey,
          minmay_gauntlet_arena_77_terracotta_army,
          gammafunk_gauntlet_arena_open,
          minmay_gauntlet_arena_77_chump_sandwich, gauntlet_exit_watery]

Skill      XL: |  1  2  3  4  5  6  7  8  9 10 11 |
---------------+----------------------------------+-----
Fighting       | 2 3 4 5 7 8 9 |  9.3
Armour         | 1 2 3 4 5 7 8 9 |  9.2
Evocations     | 4 5 6 |  6.1
Axes           | 2 5 7 |  7.7
Invocations    | 2 4 |  4.0
Short Blades   | |  1.0
Dodging        | |  2.0
Stealth        | |  1.0

Action                   |  1- 3 |  4- 6 |  7- 9 | 10-12 || total
-------------------------+-------+-------+-------+-------++-------
Melee: Short sword       |    24 |    27 |   444 |     2 ||   497
       Dagger            |       |   332 |   325 |       ||   657
       War axe           |       |       |    15 |   262 ||   277
       Morningstar       |       |       |       |    36 ||    36
       Broad axe         |       |       |       |     2 ||     2
Throw: Boomerang         |       |     1 |    14 |    28 ||    43
Invok: Heroism           |       |       |       |     1 ||     1
Evoke: Wand              |     4 |    18 |     8 |     4 ||    34
  Use: Scroll            |       |     6 |     4 |     7 ||    17
       Potion            |       |     1 |     2 |    14 ||    17
 Stab: Sleeping          |     1 |       |       |       ||     1
       Paralysed         |       |     3 |       |     1 ||     4
       Invisible         |       |       |       |     1 ||     1
  Eat: Chunk             |       |     8 |     7 |     9 ||    24
       Ration            |       |       |     2 |     1 ||     3
Armor: Leather armour    |     3 |    23 |       |       ||    26
       Chain mail        |       |    87 |   311 |   219 ||   617
       Skin              |       |    11 |       |       ||    11
Dodge: Dodged            |    12 |   157 |   166 |   122 ||   457
